 Dungeon Crawl Stone Soup version 0.32-a0-18-g89e19f1974 (webtiles) character file.

Game seed: 887103393059666500

14830 Lobster4 the Imperceptible (level 11, -7/58 HPs)
             Began as a Spriggan Brigand on Jan 17, 2024.
             Was a Priest of Dithmenos.
             Killed from afar by a kobold blastminer (24 damage)
             ... with an iron shot
             ... on level 1 of the Orcish Mines.
             The game lasted 00:51:35 (12796 turns).

Lobster4 the Imperceptible (Spriggan Brigand)      Turns: 12796, Time: 00:51:35

Health: -7/58      AC:  4    Str: 10    XL:     11   Next: 93%
Magic:  0/14       EV: 26    Int: 13    God:    Dithmenos [***...]
Gold:   1341       SH:  0    Dex: 21    Spells: 10/10 levels left

rFire   . . .        p - +2 dagger (venom)
rCold   + . .        (no shield)
rNeg    . . .        x - +1 robe {Will+}
rPois   .            (helmet restricted)
rElec   .            F - +0 cloak of Parts Unknown {rCorr Str+3}
rCorr   +            (gloves unavailable)
SInv    +            (boots unavailable)
Will    ++...        C - amulet of guardian spirit Stlth **++++++++
                     d - ring of resist corrosion
HPRegen 0.29/turn    o - ring of protection from cold
MPRegen 0.14/turn

%: guardian spirit
@: wreathed by umbra, very quick
A: very small, no large weapons, unfitting armour, see invisible, speed 3
a: Renounce Religion, Shadow Step


You were on level 1 of the Orcish Mines.
You worshipped Dithmenos.
Dithmenos was most pleased with you.
You visited 3 branches of the dungeon, and saw 13 of its levels.
You also visited: Sewer and Ossuary.

You collected 1877 gold pieces.
You spent 536 gold pieces at shops.

Inventory:

Hand Weapons
 a - the +4 dagger of Desperation {freeze, rF++}
   (You found it on level 7 of the Dungeon)

   rF++:      It greatly protects you from fire.
 g - a +0 sling
 p - a +2 dagger of venom (weapon)
 I - a +2 orcbow of flaming
 K - a +0 rapier of flaming
 T - a +3 dagger
Missiles
 e - a curare-tipped dart
 f - 39 poisoned darts (quivered)
 l - 2 atropa-tipped darts
 X - 24 boomerangs
Armour
 x - a +1 robe of willpower (worn)
 F - the +0 cloak of Parts Unknown (worn) {rCorr Str+3}
   (You acquired it on level 5 of the Dungeon)

   Str+3:     It affects your strength (+3).
   rCorr:     It protects you from acid and corrosion.
 Y - +0 acid dragon scales
Magical Staves
 b - a staff of alchemy
Jewellery
 d - a ring of resist corrosion (left hand)
 k - an amulet of regeneration
 o - a ring of protection from cold (right hand)
 C - an amulet of guardian spirit (around neck)
 Z - an amulet of reflection
Wands
 i - a wand of digging (1)
 w - a wand of polymorph (1)
 N - a wand of light (23)
 S - a wand of flame (10)
 U - a wand of paralysis (1)
 W - a wand of roots (3)
Scrolls
 c - a scroll of revelation
 n - 2 scrolls of poison
 s - 5 scrolls of teleportation
 t - 4 scrolls of enchant armour
 v - 2 scrolls of noise {unknown}
 y - 3 scrolls of vulnerability {unknown}
 B - a scroll of amnesia {unknown}
 D - 3 scrolls of fear {unknown}
 G - 2 scrolls of immolation
 L - a scroll of blinking {unknown}
 O - a scroll of butterflies
 P - 4 scrolls of fog
 V - a scroll of enchant weapon {unknown}
Potions
 h - 2 potions of haste
 j - 3 potions of curing
 m - 5 potions of cancellation
 q - 2 potions of magic
 r - 4 potions of enlightenment
 u - 3 potions of resistance
 z - 2 potions of berserk rage
 A - 2 potions of ambrosia
 E - 3 potions of mutation
 H - 3 potions of heal wounds
 M - 2 potions of brilliance
 Q - 2 potions of might
 R - 2 potions of attraction
Miscellaneous
 J - a sack of spiders


   Skills:
 + Level 6.8 Fighting
 - Level 7.0 Short Blades
 + Level 6.0 Throwing
 - Level 3.0 Armour
 + Level 10.8 Dodging
 * Level 22.3 Stealth
 - Level 3.0 Invocations
 - Level 5.0 Evocations


You had 10 spell levels left.
You didn't know any spells.
Your spell library contained the following spells:

 Spells                   Type           Power      Damage    Failure   Level
 Volatile Blastmotes      Fire/Tloc      0%         2d10      67%         3
 Fulminant Prism          Conj/Alch      0%         3d5       97%         4
 Iskenderun's Mystic Bla  Conj/Tloc      0%         2d3       97%         4


Dungeon Overview and Level Annotations

Branches:
Dungeon (11/15)            Temple (1/1) D:7            Lair (0/5) D:11
    Orc (1/2) D:10          Sewer (visited)         Ossuary (visited)

Altars:
Ashenzari
Cheibriados
Dithmenos
Elyvilon
Fedhas
Gozag
Hepliaklqana
Kikubaaqudgha
Makhleb
Nemelex Xobeh
Okawaru
Qazlal
Ru
Sif Muna
Trog
Uskayaw
Vehumet
Wu Jian
Xom
Yredelemnul
Zin
The Shining One

Shops:
D:2 *

Portals:
Trove: D:11 (give 15 potions of curing)

Annotations:
D:3 Grinder
D:7 exclusions: 3 electric eels, raiju and 1 more exclusion
D:11 exclusion: oklob plant


Innate Abilities, Weirdness & Mutations

You are very small and have problems with some larger weapons.
You are too small for most types of armour.
You have supernaturally acute eyesight. (SInv)
You cover ground extremely quickly. (Speed+++)


Message History

The orc warrior completely misses you.
The kobold blastminer blasts its cannon at you.
The iron shot hits you!!
You closely miss the kobold blastminer.
The kobold blastminer is lightly wounded.
The kobold blastminer hits you! The orc warrior misses you.
You closely miss the kobold blastminer.
The kobold blastminer is moderately wounded.
The kobold blastminer barely misses you.
The kobold blastminer completely misses you.
Found 30 gold pieces.
The kobold blastminer wields a +0 arbalest.
The kobold blastminer shoots a bolt.
The bolt closely misses you.
The orc warrior attacks as it pursues you!
The orc warrior hits you with a +0 hand axe!
You kill the orc warrior!
Dithmenos accepts your kill.
The kobold blastminer wields a +0 orcbow.
The kobold blastminer shoots an arrow.
The arrow closely misses you.
Things that are here:
a +0 dagger; a +1 robe of willpower You start resting.
A kobold blastminer is nearby!
A kobold blastminer is nearby!
The kobold blastminer shoots an arrow.
The arrow closely misses you.
A kobold blastminer is nearby!
You barely miss the kobold blastminer.
The kobold blastminer is almost dead.
The kobold blastminer unwields a +0 orcbow.
The kobold blastminer hits you!
* * * LOW HITPOINT WARNING * * *
You hit the kobold blastminer.
The kobold blastminer looks even sicker.
The kobold blastminer is almost dead.
You hit the kobold blastminer.
The kobold blastminer looks as sick as possible!
The kobold blastminer is almost dead.
The kobold blastminer blasts its cannon at you.
The iron shot hits you!!
You die...

#...#................#..
#....#..........#...###.
........##....##.#.#.##
.............##...... #
..##........##.......
##..........#......
##.......#..)......
#............#....
##..@##.....#......
##.#.K.#............
##...#K#..)..........
#...#.).....>........
##..............#....
##.#.....$.$....##...#
#................# .#
##.##....#.......#.## ##
#...##..........#


You could see 2 kobold blastminers.

Vanquished Creatures
  Erolcha (D:10)
  A two-headed ogre (D:11)
  Pikel (D:8)
  2 orc sorcerers (Orc:1)
  2 cyclopes
  2 molten gargoyles (D:11)
  An unseen horror (D:11)
  Jeremiah (D:7)
  A komodo dragon (D:10)
  2 trolls
  2 hornets
  A wraith (D:9)
  A shadow (D:9)
  12 yaks
  3 wyverns
  A steam dragon (D:8)
  A water moccasin (D:5)
  2 acid dragons
  9 orc warriors
  3 ice beasts
  2 sky beasts (D:6)
  A black bear (D:7)
  8 ogres
  8 centaurs
  4 lemures (D:8)
  5 kobold brigands
  2 bullfrogs
  A gnoll sergeant (D:9)
  A scorpion (D:6)
  10 water moccasin zombies (Ossuary)
  A burial acolyte (Ossuary)
  8 wights
  4 killer bees (D:10)
  An electric eel (D:10)
  3 howler monkeys
  5 lava snakes (D:11)
  8 orc priests
  5 hounds
  A bombardier beetle (D:5)
  6 jellies
  A sleepcap (D:5)
  An iguana (D:5)
  14 orc wizards
  A crocodile zombie (Ossuary)
  2 bullfrog simulacra (Ossuary)
  2 mummies (Ossuary)
  Robin (D:2)
  3 gnolls (D:9)
  11 adders
  A shadow imp (D:8)
  3 white imps
  5 adder zombies (Ossuary)
  2 ribbon worms
  60 orcs
  18 endoplasms
  5 giant cockroaches
  6 hobgoblins
  7 jackals
  8 quokkas
  16 ball pythons
  4 bats
  5 frilled lizards
  8 gnoll zombies (Ossuary)
  14 goblins
  3 jackal zombies (Ossuary)
  18 kobolds
  2 orc zombies (Ossuary)
  7 rats
361 creatures vanquished.

Vanquished Creatures (collateral kills)
  A yak (D:8)
1 creature vanquished.

Vanquished Creatures (others)
  An orc wizard (D:6)
1 creature vanquished.

Grand Total: 363 creatures vanquished

Notes
Turn   | Place    | Note
-------+----------+-------------------------------------------
     0 | D:1      | Lobster4 the Spriggan Brigand began the quest for the Orb.
     0 | D:1      | Reached XP level 1. HP: 10/10 MP: 2/2
   118 | D:1      | Reached skill level 6 in Stealth
   139 | D:1      | Reached XP level 2. HP: 15/15 MP: 3/3
   265 | D:1      | Found a faded altar of an unknown god.
   985 | D:2      | Reached XP level 3. HP: 18/18 MP: 4/4
   994 | D:2      | Found Bass's General Store.
  1000 | D:2      | Bought a scroll of teleportation for 39 gold pieces
  1392 | D:2      | Noticed Robin
  1470 | D:2      | Killed Robin
  1788 | D:3      | Reached skill level 7 in Stealth
  1807 | D:3      | Reached XP level 4. HP: 23/23 MP: 5/5
  1907 | D:3      | Noticed Grinder
  2550 | D:4      | Noticed an ogre
  2559 | D:4      | Killed an ogre
  2560 | D:4      | Reached XP level 5. HP: 26/26 MP: 6/6
  2692 | D:4      | Reached skill level 8 in Stealth
  2823 | D:4      | Reached XP level 6. HP: 32/32 MP: 7/7
  3126 | D:4      | Reached skill level 9 in Stealth
  3351 | D:4      | Reached XP level 7. HP: 33/35 MP: 8/8
  3458 | D:5      | Entered Level 5 of the Dungeon
  3459 | D:5      | Identified 3 scrolls of acquirement
  3459 | D:5      | Acquired a manual of Stealth
  3461 | D:5      | Acquired the +0 cloak of Parts Unknown {rCorr Str+3}
  3473 | D:5      | Acquired 815 gold pieces
  3536 | D:2      | Bought a scroll of enchant armour for 97 gold pieces
  3536 | D:2      | Bought 2 potions of resistance for 260 gold pieces
  3536 | D:2      | Bought a scroll of immolation for 52 gold pieces
  3536 | D:2      | Bought a potion of berserk rage for 65 gold pieces
  3539 | D:2      | Bought 2 atropa-tipped darts for 23 gold pieces
  3677 | D:5      | Found a glowing drain.
  3712 | Sewer    | Entered a sewer
  3967 | Sewer    | Reached skill level 10 in Stealth
  4174 | Sewer    | Found a viscous altar of Jiyva.
  4467 | D:5      | Reached skill level 11 in Stealth
  4519 | D:5      | Reached XP level 8. HP: 40/40 MP: 9/9
  4541 | D:5      | Reached skill level 5 in Dodging
  4573 | D:5      | Reached skill level 12 in Stealth
  4697 | D:5      | Reached skill level 5 in Short Blades
  5161 | D:6      | Reached skill level 13 in Stealth
  5579 | D:5      | Reached skill level 5 in Throwing
  5579 | D:5      | Reached skill level 14 in Stealth
  5801 | D:6      | Reached XP level 9. HP: 43/45 MP: 10/10
  5945 | D:6      | Reached skill level 15 in Stealth
  6249 | D:7      | Identified the +4 dagger of Desperation {freeze, rF++}
  6295 | D:7      | Found a sand-covered staircase.
  6300 | Ossuary  | Entered an ossuary
  6515 | Ossuary  | Reached skill level 16 in Stealth
  6765 | D:7      | Reached skill level 5 in Fighting
  6765 | D:7      | Reached skill level 17 in Stealth
  6931 | D:7      | HP: 1/47 [wyvern (14)]
  7126 | D:7      | Found a staircase to the Ecumenical Temple.
  7130 | Temple   | Entered the Ecumenical Temple
  7135 | Temple   | Became a worshipper of Dithmenos the Shadowed
  7572 | D:7      | Noticed Jeremiah
  7576 | D:7      | Killed Jeremiah
  7577 | D:7      | Reached skill level 18 in Stealth
  7687 | D:7      | Found a radiant altar of Vehumet.
  8018 | D:8      | Reached XP level 10. HP: 36/51 MP: 7/11
  8074 | D:8      | Reached skill level 19 in Stealth
  8409 | D:8      | Reached skill level 1 in Evocations
  8430 | D:8      | Reached skill level 1 in Invocations
  8700 | D:8      | Noticed Pikel
  8786 | D:8      | Reached * piety under Dithmenos
  8803 | D:8      | Killed Pikel
  8804 | D:8      | Reached skill level 20 in Stealth
  9292 | D:9      | Reached skill level 1 in Armour
  9787 | D:10     | Entered Level 10 of the Dungeon
  9867 | D:10     | Reached XP level 11. HP: 56/56 MP: 14/14
  9869 | D:10     | Reached ** piety under Dithmenos
  9870 | D:10     | Reached skill level 21 in Stealth
 10043 | D:10     | Noticed Erolcha
 10054 | D:10     | Killed Erolcha
 10276 | D:10     | Found a staircase to the Orcish Mines.
 10727 | D:11     | Reached skill level 10 in Dodging
 10908 | D:11     | Noticed an oklob plant
 10996 | D:11     | Reached skill level 5 in Evocations
 11131 | D:11     | Noticed a two-headed ogre
 11138 | D:11     | Killed a two-headed ogre
 11163 | D:11     | Found a staircase to the Lair.
 11614 | D:11     | Found a portal to a secret trove of treasure.
 12194 | Orc:1    | Entered Level 1 of the Orcish Mines
 12207 | Orc:1    | Reached *** piety under Dithmenos
 12208 | Orc:1    | Reached skill level 22 in Stealth
 12208 | Orc:1    | Noticed an orc sorcerer
 12211 | Orc:1    | Killed an orc sorcerer
 12712 | Orc:1    | Noticed an orc sorcerer
 12716 | Orc:1    | Killed an orc sorcerer
 12796 | Orc:1    | Killed from afar by a kobold blastminer

Illustrated notes

Levels and vault maps discovered:
D:1:      amcnicky_arrival_underground_garden, layout_loops_ring,
          shapermc_ecumenical_altar_petra, minmay_misc_feat_more_columns,
          corner_web_ring, hangedman_decor_clover_reticule
D:2:      layout_basic, serial_shops, shop, uniq_robin
D:3:      layout_basic, uniq_grinder
D:4:      nicolae_cairo_tiling_large, layout_rooms, kennysheep_cross_bottleneck,
          st_stairs_4, kennysheep_small_spiral, minmay_ruptured
D:5:      layout_loops_ring, gup_sewer_entry_pipe
D:6:      layout_rooms
D:7:      layout_basic, vehumet_altar_wand_db, temple_hall_moat,
          nicolae_ossuary_entry_false_entrances, nicolae_have_a_lightning_rod,
          uniq_jeremiah
D:8:      layout_basic, minmay_unpleasant_kobolds, uniq_pikel
D:9:      layout_rooms
D:10:     layout_cave_pools, david_orc_3, lightli_minifort, uniq_erolcha
D:11:     cheibrodos_magma_flow, layout_basic, dpeg_oklobed_lair, enter_trove_0
Temple:   grunt_wide_crystal_templ
Orc:1:    layout_caves

Skill      XL: |  1  2  3  4  5  6  7  8  9 10 11 |
---------------+----------------------------------+-----
Stealth        | 6 7 8 9 11 14 18 20 22 | 22.3
Dodging        | 2 3 4 6 8 9 10 | 10.8
Fighting       | 2 3 4 5 6 |  6.8
Short Blades   | 3 4 5 6 7 |  7.0
Throwing       | 3 4 5 6 |  6.0
Evocations     | 3 5 |  5.0
Invocations    | 2 3 |  3.0
Armour         | 1 3 |  3.0

Action                     |  1- 3 |  4- 6 |  7- 9 | 10-12 || total
---------------------------+-------+-------+-------+-------++-------
  Melee: Dagger            |   103 |    89 |   581 |   525 ||  1298
         Punch             |       |     1 |    11 |     7 ||    19
  Throw: Dart              |    12 |    23 |    61 |    35 ||   131
         Stone             |       |     6 |       |       ||     6
         Boomerang         |       |       |    19 |    10 ||    29
  Evoke: Wand              |       |       |       |    24 ||    24
         Sack of spiders   |       |       |       |     1 ||     1
    Use: Scroll            |     5 |     5 |     8 |     7 ||    25
         Potion            |       |       |     2 |     1 ||     3
   Stab: Sleeping          |    11 |    11 |    19 |    26 ||    67
         Distracted        |       |       |     2 |     3 ||     5
         Invisible         |       |       |     1 |     4 ||     5
         Paralysed         |       |       |       |     1 ||     1
 Armour: Robe              |    21 |    23 |   121 |    92 ||   257
         Acid dragon scale |       |       |       |    16 ||    16
  Dodge: Dodged            |    50 |    40 |   346 |   413 ||   849

Table legend: (Time is in decaauts)
 A = Elapsed time spent in this place.
 B = Non-inter-level travel time spent in this place.
 C = Inter-level travel time spent in this place.
 D = Time resting spent in this place.
 E = Time spent auto-exploring this place.
 F = Levels seen in this place.
 G = Mean time per level.
                   A        B        C        D        E       F      G
               +--------+--------+--------+--------+--------+-----+--------+
         Total |   9170 |   8849 |    321 |   1625 |   4366 |  15 |  611.3 |
       Dungeon |   8106 |   7788 |    318 |   1501 |   3987 |  11 |  736.9 |
        Temple |      7 |      7 |      0 |      0 |      0 |   1 |    7.0 |
  Orcish Mines |    174 |    172 |      2 |      7 |     74 |   1 |  174.0 |
         Sewer |    532 |    532 |      0 |      9 |    273 |   1 |  532.0 |
       Ossuary |    348 |    348 |      0 |    107 |     30 |   1 |  348.0 |
               +--------+--------+--------+--------+--------+-----+--------+

Top non-repeatable levels by time:
    D:11: 1194 daAuts
     D:7: 866 daAuts
     D:8: 806 daAuts
    D:10: 790 daAuts
     D:5: 742 daAuts
     D:4: 724 daAuts
     D:6: 714 daAuts
     D:9: 653 daAuts
     D:2: 637 daAuts
     D:1: 537 daAuts
   Sewer: 532 daAuts
     D:3: 438 daAuts
 Ossuary: 348 daAuts
   Orc:1: 174 daAuts
  Temple: 7 daAuts
